 Dungeon Crawl Stone Soup version 0.25-a0-578-gc91f01c39c (webtiles) character file.

Game seed: 16107866582787927833, levelgen mode: deterministic

1348 Baboonidas the Chopper (level 8, 0/58 HPs)
             Began as a Demonspawn Gladiator on Mar 5, 2020.
             Was a Believer of Uskayaw.
             Slain by an ice beast (12 damage)
             ... on level 6 of the Dungeon.
             The game lasted 00:20:29 (4017 turns).

Baboonidas the Chopper (Demonspawn Gladiator)       Turns: 4017, Time: 00:20:30

Health: 0/58       AC: 14    Str: 17    XL:     8   Next: 36%
Magic:  11/11      EV: 14    Int: 10    God:    Uskayaw [**....]
Gold:   310        SH:  0    Dex: 14    Spells: 7/7 levels left

rFire    + + .     SeeInvis .   a - +0 war axe
rCold    . . .     Gourm    .   (no shield)
rNeg     . . .     Faith    +   F - +2 leather armour {rF+}
rPois    +         Spirit   .   q - +0 helmet
rElec    .         Reflect  .   B - scarf {repulsion}
rCorr    .         Harm     .   (no gloves)
MR       .....                  (no boots)
Stlth    ++........             g - amulet of faith
HPRegen  0.19/turn              D - ring of poison resistance
MPRegen  0.12/turn              i - +5 ring of protection

@: repel missiles
A: claws 2, thin metallic scales 2, demonic guardian 1, fire resistance 1
a: Stomp, Line Pass, Renounce Religion


You were on level 6 of the Dungeon.
You worshipped Uskayaw.
Uskayaw was noncommittal.
You were very hungry.

You visited 2 branches of the dungeon, and saw 8 of its levels.

You collected 310 gold pieces.

Inventory:

Hand Weapons
 a - a +0 war axe (weapon)
 z - a +0 arbalest
Missiles
 d - 4 throwing nets
 u - 11 poisoned darts (quivered)
Armour
 c - a +0 helmet
 q - a +0 helmet (worn)
 B - a scarf of repulsion (worn)
 F - a +2 leather armour of fire resistance (worn)
Jewellery
 g - an amulet of faith (around neck)
 i - a +5 ring of protection (right claw)
 v - an uncursed ring of resist corrosion
 x - an uncursed amulet of guardian spirit {unknown}
 D - a ring of poison resistance (left claw)
Wands
 l - a wand of iceblast (10)
Scrolls
 e - 3 scrolls of enchant armour {unknown}
 o - 3 scrolls of remove curse
 p - 2 scrolls of amnesia
 w - a scroll of enchant weapon {unknown}
 y - a scroll of magic mapping
Potions
 b - a potion of heal wounds {unknown}
 h - a potion of invisibility {unknown}
 j - a potion of flight
 k - 2 potions of might {unknown}
 m - 2 potions of curing
 n - a potion of degeneration {unknown}
 r - a potion of mutation {unknown}
 s - 2 potions of cancellation {unknown}
 t - a potion of berserk rage {unknown}
 A - a potion of brilliance {unknown}
 C - a potion of stabbing {unknown}
 E - a potion of magic {unknown}
Comestibles
 f - 10 rations


   Skills:
 + Level 3.0 Fighting
 * Level 7.2 Axes
 + Level 2.3 Throwing
 * Level 2.9 Armour
 * Level 4.3 Dodging
 * Level 1.4 Stealth
 + Level 4.3 Invocations


You had 7 spell levels left.
You didn't know any spells.
Your spell library was empty.

Dungeon Overview and Level Annotations

Branches:
Dungeon (7/15)             Temple (1/1) D:5

Altars:
Fedhas
Ru
Trog
Uskayaw
Yredelemnul


Innate Abilities, Weirdness & Mutations

You have very sharp fingernails.
You are mostly covered in thin metallic scales. (AC +3)
A weak demonic guardian rushes to your aid.
Your flesh is heat resistant. (rF+)


Message History

Your white imp barely misses the ice beast.
The ice beast hits you but does no damage.
You hit the ice beast but do no damage.
The ice beast is heavily wounded.
Your white imp hits the ice beast.
Your white imp freezes the ice beast.
The ice beast completely resists.
The ice beast closely misses you.
Your white imp barely misses the ice beast.
You barely miss the ice beast.
The ice beast is severely wounded.
The ice beast closely misses you.
Your white imp hits the ice beast but does no damage.
You barely miss the ice beast.
The ice beast is severely wounded.
The ice beast hits you. The ice beast freezes you!
* * * LOW HITPOINT WARNING * * *
Your white imp hits the ice beast.
Your white imp freezes the ice beast.
The ice beast completely resists.
The ice beast hits you.
* * * LOW HITPOINT WARNING * * *
The ice beast freezes you!
You die...

#......## #.......#
#.......#
####.......###########
..........#>.........
#...... #..........
##..Y.# ##.#########
#...@5####........#
#..#..............# #.
#..............# ..
##..##.........# #.
.....##.........# #
...###.##.........# ..
..##.........# .
####.######## #.#


You could see an ice beast and a friendly white imp.

Vanquished Creatures
  Edmund (D:5)
  An orc warrior (D:7)
  A sky beast (D:5)
  2 phantoms
  3 centaurs
  A scorpion (D:5)
  A howler monkey (D:6)
  A crimson imp (D:6)
  2 hounds
  A jelly (D:7)
  A centaur skeleton (D:4)
  4 orc wizards
  3 worker ants
  A hound skeleton (D:4)
  7 adders
  An ooze (D:4)
  An adder zombie (D:6)
  An adder skeleton (D:4)
  5 worms
  A dart slug (D:1)
  4 leopard geckos
  9 orcs
  3 ball pythons
  9 giant cockroaches
  7 goblins
  8 hobgoblins
  4 quokkas
  5 bats
  6 frilled lizards
  4 kobolds
  A leopard gecko skeleton (D:3)
  A quokka skeleton (D:4)
  A rat (D:1)
101 creatures vanquished.

Vanquished Creatures (collateral kills)
  An ogre (D:6)
  2 killer bees (D:7)
  An orc wizard (D:7)
  An orc (D:7)
5 creatures vanquished.

Vanquished Creatures (others)
  2 orcs (D:7)
  A hobgoblin (D:2)
3 creatures vanquished.

Grand Total: 109 creatures vanquished

Notes
Turn   | Place    | Note
-------+----------+-------------------------------------------
     0 | D:1      | Baboonidas the Demonspawn Gladiator began the quest for the
                  | Orb.
     0 | D:1      | Reached XP level 1. HP: 16/16 MP: 1/1
   297 | D:1      | Gained mutation: You have sharp fingernails. [demonic
                  | ancestry]
   297 | D:1      | Reached XP level 2. HP: 22/22 MP: 2/2
   312 | D:1      | Reached skill level 3 in Axes
   863 | D:2      | Gained mutation: You are partially covered in thin metallic
                  | scales. (AC +2) [demonic ancestry]
   863 | D:2      | Reached XP level 3. HP: 21/27 MP: 3/3
  1062 | D:2      | Found a hide-covered altar of Uskayaw.
  1094 | D:2      | Became a worshipper of Uskayaw the Reveler
  1409 | D:3      | Reached * piety under Uskayaw
  1833 | D:4      | Noticed a centaur
  1843 | D:4      | Killed a centaur
  1843 | D:4      | Reached skill level 4 in Axes
  1843 | D:4      | Reached skill level 1 in Armour
  1843 | D:4      | Reached skill level 1 in Invocations
  1843 | D:4      | Gained mutation: You are mostly covered in thin metallic
                  | scales. (AC +3) [demonic ancestry]
  1843 | D:4      | Reached XP level 4. HP: 27/33 MP: 4/4
  1843 | D:4      | Reached XP level 5. HP: 31/38 MP: 5/5
  1843 | D:4      | Reached ** piety under Uskayaw
  1923 | D:4      | Found a sacrificial altar of Ru.
  2221 | D:4      | Noticed a centaur
  2233 | D:4      | Reached *** piety under Uskayaw
  2234 | D:4      | Reached **** piety under Uskayaw
  2235 | D:4      | Killed a centaur
  2235 | D:4      | Gained mutation: A weak demonic guardian rushes to your
                  | aid. [demonic ancestry]
  2235 | D:4      | Reached XP level 6. HP: 18/45 MP: 6/8
  2353 | D:4      | Reached skill level 5 in Axes
  2799 | D:4      | Gained mutation: You have very sharp fingernails. [demonic
                  | ancestry]
  2799 | D:4      | Reached XP level 7. HP: 34/51 MP: 4/9
  2865 | D:4      | Found a blossoming altar of Fedhas.
  2865 | D:4      | You fall into a shaft and drop 3 floors!
  2983 | D:7      | Reached skill level 6 in Axes
  3211 | D:5      | Entered Level 5 of the Dungeon
  3265 | D:5      | Noticed Edmund
  3340 | D:5      | Killed Edmund
  3340 | D:5      | Reached skill level 1 in Stealth
  3347 | D:5      | Gained mutation: Your flesh is heat resistant. (rF+)
                  | [demonic ancestry]
  3347 | D:5      | Reached XP level 8. HP: 27/57 MP: 10/10
  3475 | D:5      | Found a bloodstained altar of Trog.
  3625 | D:5      | Found a staircase to the Ecumenical Temple.
  3638 | D:5      | Reached skill level 7 in Axes
  3648 | Temple   | Entered the Ecumenical Temple
  3805 | D:5      | Found a basalt altar of Yredelemnul.
  4017 | D:6      | Slain by an ice beast

Levels and vault maps discovered:
D:1:      sevenhm_arrival_forest_fort_large_2, layout_basic,
          chequers_serial_rivers_micro_c, corexii_corridor_pit,
          minmay_misc_feat_chi
D:2:      layout_rooms, eat_drink_and_be_merry_uskayaw, first_ration,
          grunt_decor_cap
D:3:      layout_loops_ring, serial_glass, glass_columns_b, glass_columns_c,
          glass_columns_b, glass_columns_a, glass_columns_b, glass_columns_c,
          glass_columns_a, glass_columns_c, glass_columns_c, glass_columns_b,
          glass_columns_c, glass_columns_a, glass_columns_a, glass_columns_a,
          item_on_display_a
D:4:      layout_basic, nicolae_overflow_hidden_temple, nicolae_ru_awakened_eye,
          st_stairs_1
D:5:      layout_basic, kennysheep_mini, temple_fountains, trog_hazing_becter,
          uniq_edmund
D:6:      layout_basic
D:7:      layout_basic, old_standard_altar, fiery_altar_vehumet,
          grunt_qazlal_clouds, bloody_makhleb, ashenzari_altar_1, serial_shops,
          shop_fountains
Temple:   oiseaux_autumnal_temple

Skill      XL: |  1  2  3  4  5  6  7  8 |
---------------+-------------------------+-----
Axes           | 3 4 5 6 7 |  7.2
Dodging        | 3 4 |  4.3
Armour         | 1 2 |  2.9
Invocations    | 1 2 3 4 |  4.3
Throwing       | 2 |  2.3
Stealth        | 1 |  1.4
Fighting       | 3 |  3.0

Action                   |  1- 3 |  4- 6 |  7- 9 || total
-------------------------+-------+-------+-------++-------
Melee: War axe           |   122 |   111 |   163 ||   396
Throw: Dart              |     3 |    11 |    17 ||    31
       Throwing net      |       |       |     1 ||     1
Invok: Line Pass         |       |     1 |       ||     1
Evoke: Wand              |       |       |     1 ||     1
  Use: Scroll            |     3 |       |     5 ||     8
       Potion            |       |       |     2 ||     2
 Stab: Paralysed         |       |     3 |     3 ||     6
       Confused          |       |     1 |       ||     1
       Distracted        |       |       |     1 ||     1
       Held in net/web   |       |       |     1 ||     1
       Sleeping          |       |       |     1 ||     1
  Eat: Chunk             |     2 |     1 |     3 ||     6
       Ration            |     1 |       |       ||     1
Armor: Leather armour    |    50 |    39 |    62 ||   151
Dodge: Dodged            |   120 |    92 |   130 ||   342
       Deflected         |       |       |     6 ||     6

Table legend:
 A = Non-vault XP
 B = Vault XP
 C = Vault XP percentage of total XP
 D = Non-vault monster count
 E = Vault monster count
 F = Vault count percentage of total count
                 A         B        C        D         E       F
            +---------+---------+-------+---------+---------+-------
      Total |    1665 |     261 |  13.6 |      96 |      10 |   9.4
            +---------+---------+-------+---------+---------+-------
        D:1 |      27 |       0 |   0.0 |      14 |       0 |   0.0
        D:2 |      51 |       0 |   0.0 |      17 |       0 |   0.0
        D:3 |      14 |       0 |   0.0 |       6 |       0 |   0.0
        D:4 |     544 |     105 |  16.2 |      27 |       3 |  10.0
        D:5 |     487 |     156 |  24.3 |      16 |       7 |  30.4
        D:6 |     266 |       0 |   0.0 |       9 |       0 |   0.0
        D:7 |     276 |       0 |   0.0 |       7 |       0 |   0.0
            +---------+---------+-------+---------+---------+-------
